 Dungeon Crawl Stone Soup version bcrawl-1.40.3b (webtiles) character file.

Game seed: 13597082023457213786

92941 Finalfun the Sneak (level 4, -7/35 HPs)
             Began as a Human Archaeologist on Mar 14, 2024.
             Mangled by a gnoll
             ... wielding a +0 halberd
              (10 damage)
             ... on level 3 of the Dungeon.
             The game lasted 00:06:59 (2905 turns).

Finalfun the Sneak (Human Archaeologist)            Turns: 2905, Time: 00:07:00

Health: -7/35      AC:  6    Str: 10 (13) XL:     4   Next: 68%
Magic:  4/4        EV: 18    Int: 20 (21) God:
Gold:   194        SH:  0    Dex: 13 (16) Spells: 3/3 levels left

rFire    . . .     GDR:     25% j - +0 dagger
rCold    . . .     SeeInvis .   (no shield)
rNeg     . . .     Gourm    .   c - +1 robe
rPois    .         Faith    .   d - +1 hat
rElec    .         Spirit   .   (no cloak)
rCorr    .         Reflect  .   (no gloves)
MR       .....     Clarity  +   i - +1 pair of boots
Stlth    +++.......             (no amulet)
HPRegen  0.15/turn              (no ring)
MPRegen  0.09/turn              (no ring)

@: brilliant, agile, drained
A: clarity, clever 1
a: no special abilities


You were on level 3 of the Dungeon.
You were hungry.

You visited 1 branch of the dungeon, and saw 3 of its levels.

You collected 194 gold pieces.

Inventory:

Hand Weapons
 b - a +0 blowgun
 j - a +0 dagger (weapon)
Missiles
 a - 100 arrows
 f - 6 curare-tipped needles
 m - 553 stones (quivered)
Armour
 c - a +1 robe (worn)
 d - a +1 hat (worn)
 i - a +1 pair of boots (worn)
 l - a +0 scale mail
Jewellery
 w - an uncursed ring of protection from cold {unknown}
Scrolls
 g - a scroll of revelation
 p - a scroll of enchant armour {unknown}
 q - a scroll of fog {unknown}
 t - 2 scrolls of teleportation {unknown}
 v - 2 scrolls of remove curse {unknown}
Potions
 k - a potion of degeneration
 s - a potion of mutation
Miscellaneous
 h - a dusty tome
Comestibles
 e - 2 rations {!d}
 u - 3 chunks of flesh


   Skills:
 + Level 3.3(2.4) Fighting
   Level 1.1(0.2) Maces & Flails
 - Level 4.0(3.0) Dodging
 - Level 4.0(3.0) Stealth


You had 3 spell levels left.
You didn't know any spells.
Your spell library was empty.

Dungeon Overview and Level Annotations

Branches:
Dungeon (3/12)

Altars:
Ashenzari
Wu Jian


Innate Abilities, Weirdness & Mutations

You possess an exceptional clarity of mind.
Your mind is acute. (Int +2)


Message History

You kill the orc!
The gnoll hits you from afar with a +0 halberd!
You hit the orc.
The orc is heavily wounded.
The orc closely misses you.
The gnoll hits you from afar with a +0 halberd!
You hit the orc.
The orc is severely wounded.
The orc closely misses you.
You hit the orc.
The orc is almost dead.
The gnoll closely misses you. The orc barely misses you.
You hit the orc.
You kill the orc!
The gnoll hits you from afar with a +0 halberd!
* * * LOW HITPOINT WARNING * * *
You hit the goblin.
You kill the goblin!
The gnoll hits you from afar with a +0 halberd!
You die...

### . ... .. #.#
... #.# .... #@#
.....###)# ##
.......g.####...
..#.##<.#....#
..#.......##
.!.....?..g.#
...##....##...%...
. .# ##.#..
.###... . #.......
.


You could see a gnoll.

Vanquished Creatures
  3 worms (D:2)
  3 dart slugs
  3 leopard geckos
  5 orcs
  7 bats
  A giant cockroach (D:2)
  6 goblins
  5 hobgoblins
  2 jackals (D:2)
  7 kobolds
  4 quokkas
  4 frilled lizards (D:2)
  7 rats
57 creatures vanquished.

Notes
Turn   | Place    | Note
-------+----------+-------------------------------------------
     0 | D:1      | Finalfun the Human Archaeologist began the quest for the
                  | Orb.
     0 | D:1      | Reached XP level 1. HP: 15/15 MP: 1/1
    88 | D:1      | Reached XP level 2. HP: 5/21 MP: 2/2
  1187 | D:2      | Reached XP level 3. HP: 26/26 MP: 3/3
  1675 | D:2      | Reached XP level 4. HP: 34/34 MP: 4/4
  2356 | D:2      | Found an ornate altar of the Wu Jian Council.
  2571 | D:2      | Found a shattered altar of Ashenzari.
  2873 | D:3      | Gained mutation: Your mind is acute. (Int +2) [potion of
                  | mutation]
  2873 | D:3      | Gained mutation: You possess an exceptional clarity of
                  | mind. [potion of mutation]
  2905 | D:3      | Mangled by a gnoll

Skill      XL: |  1  2  3  4 |
---------------+-------------+-----
Stealth        | 4 |  4.0
Dodging        | 4 |  4.0
Fighting       | 2 3 |  3.3
Maces & Flails | |  1.1

Action                   |  1- 3 |  4- 6 || total
-------------------------+-------+-------++-------
Melee: Whip              |    23 |       ||    23
       Dagger            |   197 |   199 ||   396
Throw: Stone             |    19 |    44 ||    63
  Use: Potion            |       |     5 ||     5
 Stab: Sleeping          |     5 |     1 ||     6
  Eat: Ration            |     1 |       ||     1
       Chunk             |     5 |     9 ||    14
Armor: Robe              |    99 |    37 ||   136
Dodge: Dodged            |   210 |   116 ||   326
